 Dungeon Crawl Stone Soup version 0.29.1-2-gbd0b4ee654 (webtiles) character file.

Game seed: 14799938059063985406

1218 warriortoast the Digger (level 8, -3/45 HPs)
             Began as a Gargoyle Earth Elementalist on Nov 1, 2022.
             Was a Follower of Cheibriados.
             Slain by an ice beast (10 damage)
             ... on level 6 of the Dungeon.
             The game lasted 00:23:52 (5636 turns).

warriortoast the Digger (GrEE)                      Turns: 5636, Time: 00:23:52

Health: -3/45      AC: 13    Str: 23    XL:     8   Next: 46%
Magic:  20/23      EV: 11    Int: 19    God:    Cheibriados [*.....]
Gold:   327        SH:  0    Dex: 12    Spells: 9/15 levels left

rFire   . . .      SeeInvis .   j - +8 mace "Tauss" {venom, rPois Str+2}
rCold   . . .      Faith    .   (no shield)
rNeg    + . .      Spirit   .   k - +0 ring mail
rPois   ∞          Reflect  .   l - +0 helmet
rElec   +          Harm     .   G - scarf {shadows}
rCorr   .          Rampage  .   (no gloves)
Will    .....                   x - +0 pair of boots
Stlth   ++........              s - amulet of the acrobat
HPRegen 0.15/turn               c - ring of magical power
MPRegen 0.18/turn               f - +6 ring of strength

@: very slightly contaminated, very slow
A: sickness immunity, AC +5, negative energy resistance 1, electricity
resistance, torment resistance 1, petrification resistance
a: Renounce Religion, Bend Time


You were on level 6 of the Dungeon.
You worshipped Cheibriados.
Cheibriados was aware of your devotion.
You visited 1 branch of the dungeon, and saw 6 of its levels.

You collected 327 gold pieces.

Inventory:

Hand Weapons
 d - a +0 mace
 e - a +4 dagger
 j - the +8 mace "Tauss" (weapon) {venom, rPois Str+2}
   (You found it on level 2 of the Dungeon)

   It poisons the flesh of those it strikes.
   Str:       It affects your strength (+2).
   rPois:     It protects you from poison.
 y - the +2 war axe of the Imperium {protect, rF+ MP+9}
   (You found it on level 4 of the Dungeon)

   It grants its wielder temporary protection when it strikes (+7 to AC).
   rF:        It protects you from fire.
   MP:        It affects your magic capacity (+9).
Armour
 k - a +0 ring mail (worn)
 l - a +0 helmet (worn)
 x - a +0 pair of boots (worn)
 E - a +0 chain mail
 F - a +0 scale mail
 G - a scarf of shadows (worn)
Jewellery
 c - a ring of magical power (left hand)
 f - a +6 ring of strength (right hand)
 s - an amulet of the acrobat (around neck)
 u - a +4 ring of protection
 B - a ring of flight
Wands
 n - a wand of light (7)
 t - a wand of charming (8)
 I - a wand of roots (7)
Scrolls
 a - a scroll of vulnerability {unknown}
 h - a scroll of identify
 i - 2 scrolls of immolation {unknown}
 m - 2 scrolls of magic mapping {unknown}
 r - a scroll of poison {unknown}
 v - 2 scrolls of enchant weapon {unknown}
 A - a scroll of brand weapon {unknown}
 C - a scroll of teleportation {unknown}
 H - a scroll of summoning {unknown}
Potions
 b - 2 potions of magic
 g - a potion of invisibility
 o - a potion of heal wounds
 p - a potion of berserk rage
 q - a potion of degeneration
 w - 2 potions of curing
 z - a potion of brilliance
 D - a potion of might
 J - a potion of mutation {unknown}


   Skills:
 + Level 2.9 Fighting
 + Level 2.6 Maces & Flails
 + Level 2.3 Armour
 + Level 3.0 Dodging
 + Level 4.1 Stealth
 * Level 4.2 Spellcasting
 * Level 4.2 Conjurations
 + Level 2.6 Transmutations
 + Level 5.2 Earth Magic


You had 9 spell levels left.
You knew the following spells:

 Your Spells              Type           Power      Damage    Failure   Level
a - Sandblast             Erth           46%        2d11      2%          1
b - Passwall              Tmut/Erth      15%        N/A       6%          2
c - Stone Arrow           Conj/Erth      44%        3d9       9%          3

Your spell library contained the following spells:

 Spells                   Type           Power      Damage    Failure   Level
 Magic Dart               Conj           80%        1d7       3%          1
 Searing Ray              Conj           40%        2d5       5%          2
 Freeze                   Ice            16%        1d4       22%         1
 Petrify                  Tmut/Erth      18%        N/A       38%         4
 Frozen Ramparts          Ice            8%         1d2       54%         3
 Fulminant Prism          Conj/Hex       6%         3d7       65%         4
 Hailstorm                Conj/Ice       12%        3d5       65%         4
 Borgnjor's Vile Clutch   Necr/Erth      7%         N/A       89%         5
 Animate Dead             Necr           4%         N/A       91%         4
 Death Channel            Necr           2%         N/A       100%        6


Dungeon Overview and Level Annotations

Branches:
Dungeon (6/15)
 Temple: D:4-7

Altars:
Cheibriados
Dithmenos
Fedhas
Okawaru
Qazlal
Sif Muna


Innate Abilities, Weirdness & Mutations

You are immune to sickness and miasma.
Your stone body is resilient. (AC +5)
You are immune to poison.
You resist negative energy. (rN+)
You are resistant to electric shocks. (rElec)
You are resistant to unholy torment.
You are immune to petrification.


Message History

You climb downwards.
The iguana hisses angrily.
There is a stone staircase leading up here.
The blast of sand misses the iguana.
You thump the iguana!
The iguana is poisoned.
The iguana is severely wounded.
The iguana barely misses you.
You barely miss the iguana.
The iguana is severely wounded.
The iguana misses you. The iguana barely misses you.
You closely miss the iguana.
The iguana is severely wounded.
The ice beast hits you. The ice beast freezes you!
The iguana barely misses you.
You barely miss the iguana.
The iguana is severely wounded.
The ice beast hits you but does no damage.
The iguana bites you but does no damage.
You sock the iguana!
You kill the iguana!
Cheibriados thoroughly appreciates the change of pace.
The ice beast hits you. The ice beast freezes you!
Your Dodging skill increases to level 3!
You completely miss the ice beast. The ice beast hits you.
The ice beast freezes you!
* * * LOW HITPOINT WARNING * * *
The ice beast hits you but does no damage.
You are too injured to fight recklessly!
You are too injured to fight recklessly!
Casting: Sandblast (safe; 2% risk of failure)
Confirm with . or Enter, or press ? or * to list all spells.
Aiming: Stone Arrow (dangerous; 9% risk of failure)
Press: ? - help, Shift-Dir - straight line, f - ice beast
Aim: an ice beast (71% to hit)
You miscast Stone Arrow.
You are very lightly contaminated with residual magic.
Nothing appears to happen.
The ice beast hits you.
* * * LOW HITPOINT WARNING * * *
The ice beast freezes you!
You die...

#.... #....
## ##.... .##
#..... ...#.
#..... #.#...
#...Y#......
#....@......
.........##..
..###...##
###.. ..# ..#
...


You could see an ice beast.

Vanquished Creatures
  Sigmund (D:2)
  A black bear (D:5)
  An ogre (D:5)
  A centaur (D:4)
  A phantom (D:4)
  A bullfrog (D:4)
  A scorpion (D:5)
  A necrophage (D:4)
  3 orc priests
  A hound (D:4)
  4 iguanas
  5 orc wizards
  Robin (D:1)
  A gnoll (D:4)
  7 adders
  2 worms (D:4)
  2 dart slugs
  19 orcs
  6 bats
  8 endoplasms
  3 giant cockroaches (D:3)
  12 goblins
  11 hobgoblins
  4 jackals
  3 quokkas
  2 ball pythons (D:1)
  3 frilled lizards
  7 kobolds
  4 rats
  A spectral kobold (D:1)
117 creatures vanquished.

Notes
Turn   | Place    | Note
-------+----------+-------------------------------------------
     0 | D:1      | warriortoast the Gargoyle Earth Elementalist began the
                  | quest for the Orb.
     0 | D:1      | Reached XP level 1. HP: 10/10 MP: 3/3
   262 | D:1      | Reached skill level 1 in Transmutations
   262 | D:1      | Reached XP level 2. HP: 15/15 MP: 5/5
   317 | D:1      | Found a faded altar of an unknown god.
   787 | D:2      | Identified the +8 mace "Tauss" {venom, rPois Str+2}
   834 | D:2      | Noticed Robin
   841 | D:1      | Killed Robin
   842 | D:1      | Reached XP level 3. HP: 19/19 MP: 4/6
  1098 | D:2      | Noticed Sigmund
  1317 | D:2      | Killed Sigmund
  1318 | D:2      | Reached skill level 1 in Fighting
  1318 | D:2      | Reached skill level 1 in Maces & Flails
  1318 | D:2      | Reached skill level 4 in Earth Magic
  1318 | D:2      | Reached XP level 4. HP: 4/25 MP: 8/8
  1318 | D:2      | Reached XP level 5. HP: 5/29 MP: 9/9
  1583 | D:2      | Learned a level 2 spell: Passwall
  1587 | D:2      | Learned a level 3 spell: Stone Arrow
  1793 | D:2      | Reached XP level 6. HP: 34/34 MP: 10/10
  2496 | D:3      | Found an iron altar of Okawaru.
  2588 | D:3      | Found a blossoming altar of Fedhas.
  2749 | D:3      | Reached skill level 1 in Armour
  3514 | D:4      | Reached XP level 7. HP: 35/39 MP: 12/12
  3587 | D:4      | Found a shadowy altar of Dithmenos.
  3728 | D:4      | Identified the +2 war axe of the Imperium {protect, rF+
                  | MP+9}
  3795 | D:4      | Found a snail-covered altar of Cheibriados.
  3800 | D:4      | Became a worshipper of Cheibriados the Contemplative
  3849 | D:4      | Found a stormy altar of Qazlal.
  4241 | D:4      | Reached XP level 8. HP: 45/45 MP: 13/13
  4621 | D:4      | Reached skill level 5 in Earth Magic
  4876 | D:5      | Entered Level 5 of the Dungeon
  4889 | D:5      | Reached * piety under Cheibriados
  5582 | D:5      | Found a shimmering blue altar of Sif Muna.
  5636 | D:6      | Slain by an ice beast

Illustrated notes

Levels and vault maps discovered:
D:1:      eino_arrival_water_star, layout_rooms,
          dreamdust_ecumenical_altar_drowned_temple
D:2:      layout_rooms, uniq_robin, uniq_sigmund
D:3:      layout_loops_ring, old_standard_altar, okawaru_metal_pillars_1_2
D:4:      layout_gridville, mainiacjoe_overflow_alcove_1, lemuel_crystal_altar,
          nicolae_qazlal_eye_of_the_storm, minmay_pentangle
D:5:      layout_cave_pools, kennysheep_mini, minmay_misc_feat_hallway
D:6:      layout_cave_pools, ashenzari_altar_1, zin_academy,
          nemelex_xobeh_ov_fountains_minmay, minmay_temple_entry_nine_rooms,
          uniq_blork_the_orc

Skill      XL: |  1  2  3  4  5  6  7  8 |
---------------+-------------------------+-----
Transmutations | 1 2 |  2.6
Fighting       | 1 2 |  2.9
Maces & Flails | 1 2 |  2.6
Dodging        | 2 3 |  3.0
Stealth        | 3 4 |  4.1
Conjurations   | 2 3 4 |  4.2
Earth Magic    | 4 5 |  5.2
Spellcasting   | 3 4 |  4.2
Armour         | 1 2 |  2.3

Action                   |  1- 3 |  4- 6 |  7- 9 || total
-------------------------+-------+-------+-------++-------
Melee: Mace              |     5 |    21 |    85 ||   111
       Punch             |       |       |     2 ||     2
 Cast: Sandblast         |    45 |    63 |    31 ||   139
  Use: Scroll            |       |       |     5 ||     5
 Stab: Sleeping          |       |     1 |       ||     1
Armor: Robe              |     2 |       |       ||     2
       Ring mail         |     9 |    18 |    39 ||    66
Dodge: Dodged            |    38 |    37 |    65 ||   140
